 Dungeon Crawl Stone Soup version 0.29.1-1-gd02db6906a (webtiles) character file.

Game seed: 7065925201413672657

40331 Dakr the Fighter (level 14, -5/119 HPs)
             Began as a Gnoll Wanderer on Sept 19, 2022.
             Was a Believer of Uskayaw.
             Slain by a troll (9 damage)
             ... on level 13 of the Dungeon.
             The game lasted 00:49:46 (21383 turns).

Dakr the Fighter (Gnoll Wanderer)                  Turns: 21383, Time: 00:49:46

Health: -5/119     AC: 29    Str: 20    XL:     14   Next: 10%
Magic:  27/27      EV: 12    Int: 17    God:    Uskayaw [**....]
Gold:   1378       SH:  5    Dex: 15    Spells: 31/31 levels left

rFire   . . .      SeeInvis .   g - +5 war axe (elec)
rCold   . . .      Faith    .   (no shield)
rNeg    . . .      Spirit   .   f - +18 Lear's hauberk
rPois   .          Reflect  +   (helmet currently unavailable)
rElec   .          Harm     .   (no cloak)
rCorr   .          Rampage  .   (gloves currently unavailable)
Will    +....                   (boots currently unavailable)
Stlth   ..........              k - amulet of reflection
HPRegen 0.29/turn               w - +6 ring of intelligence
MPRegen 0.20/turn               z - +6 ring of dexterity

@: silenced (expiring), on berserk cooldown, slowed, very slow
A: fangs 1, strong nose, distributed training
a: Renounce Religion


You were on level 13 of the Dungeon.
You worshipped Uskayaw.
Uskayaw was aware of your devotion.
You visited 3 branches of the dungeon, and saw 17 of its levels.

You collected 1517 gold pieces.
You spent 139 gold pieces at shops.

Inventory:

Hand Weapons
 a - a +3 hand axe
 c - a +0 dagger
 g - a +5 war axe of electrocution (weapon)
Missiles
 b - 31 poisoned darts (quivered)
 n - 10 curare-tipped darts
 O - 2 throwing nets
Armour
 e - a +0 leather armour
 f - the +18 Lear's hauberk (worn)
   (You acquired it on level 8 of the Dungeon)
 h - a +0 chain mail
 p - a +0 pair of gloves
 y - a +0 chain mail of fire resistance
 C - a +0 hat of willpower
Jewellery
 k - an amulet of reflection (around neck)
 o - a +6 ring of intelligence
 q - a ring of resist corrosion
 w - a +6 ring of intelligence (left hand)
 z - a +6 ring of dexterity (right hand)
 A - a ring of fire
 H - an amulet of faith
Wands
 m - a wand of quicksilver (3)
 t - a wand of digging (4)
 x - a wand of paralysis (34)
 F - a wand of mindburst (8)
Scrolls
 u - 3 scrolls of magic mapping
 B - a scroll of vulnerability
 E - a scroll of teleportation
 G - a scroll of identify
 K - a scroll of amnesia
 M - a scroll of poison
 P - a scroll of fog
 R - 2 scrolls of torment
Potions
 d - 4 potions of curing
 i - 2 potions of lignification
 j - 6 potions of might
 l - 2 potions of mutation
 r - 3 potions of flight
 s - 2 potions of degeneration
 D - a potion of magic
 J - a potion of brilliance {unknown}
 N - 2 potions of cancellation
 Q - 2 potions of attraction {unknown}
 S - 2 potions of berserk rage
Miscellaneous
 I - a phial of floods


   Skills:
 + Level 13.7 Fighting
 + Level 9.2 Short Blades
 + Level 9.2 Long Blades
 + Level 11.3 Axes
 + Level 9.2 Maces & Flails
 + Level 9.2 Polearms
 + Level 9.2 Staves
 + Level 9.2 Ranged Weapons
 + Level 10.3 Throwing
 + Level 9.2 Armour
 + Level 9.2 Dodging
 + Level 9.2 Stealth
 + Level 9.2 Shields
 + Level 9.2 Unarmed Combat
 + Level 9.2 Spellcasting
 + Level 7.7 Conjurations
 + Level 7.7 Hexes
 + Level 7.7 Summonings
 + Level 7.7 Necromancy
 + Level 7.7 Translocations
 + Level 7.7 Transmutations
 + Level 7.7 Fire Magic
 + Level 7.7 Ice Magic
 + Level 7.7 Air Magic
 + Level 7.7 Earth Magic
 + Level 7.7 Poison Magic
 + Level 10.1 Invocations
 + Level 9.2 Evocations


You had 31 spell levels left.
You didn't know any spells.
Your spell library contained the following spells:

 Spells                   Type           Power      Damage    Failure   Level
 Apportation              Tloc           68%        N/A       3%          1
 Foxfire                  Conj/Fire      100%       2x1d9     3%          1
 Slow                     Hex            100%       N/A       3%          1
 Scorch                   Fire           68%        2d8       4%          2
 Conjure Flame            Conj/Fire      34%        6-21      9%          3
 Ignite Poison            Fire/Tmut/Pois 34%        N/A       9%          3
 Inner Flame              Hex/Fire       34%        N/A       9%          3
 Ozocubu's Armour         Ice            34%        N/A       9%          3
 Portal Projectile        Hex/Tloc       68%        N/A       9%          3
 Summon Guardian Golem    Hex/Summ       34%        N/A       9%          3
 Anguish                  Hex/Necr       17%        N/A       28%         4
 Animate Armour           Summ/Erth      68%        N/A       28%         4
 Flame Wave               Conj/Fire      34%        2d10      28%         4
 Fulminant Prism          Conj/Hex       17%        3d11      28%         4
 Iskenderun's Mystic Bla  Conj/Tloc      34%        2d8       28%         4
 Sticky Flame             Conj/Fire      34%        2d5       28%         4
 Summon Ice Beast         Ice/Summ       34%        N/A       28%         4
 Alistair's Intoxication  Tmut/Pois      22%        N/A       63%         5
 Blade Hands              Tmut           17%        N/A       63%         5
 Lee's Rapid Deconstruct  Erth           17%        3d11*     63%         5
 Metabolic Englaciation   Hex/Ice        17%        N/A       63%         5
 Iron Shot                Conj/Erth      17%        9d4       99%         6
 Simulacrum               Ice/Necr       17%        N/A       99%         6
 Summon Cactus Giant      Summ           17%        N/A       99%         6
 Enfeeble                 Hex            17%        N/A       100%        7
 Orb of Destruction       Conj           17%        9d7       100%        7
 Spellforged Servitor     Conj/Summ      17%        N/A       100%        7


Dungeon Overview and Level Annotations

Branches:
Dungeon (13/15)            Temple (0/1) D:4            Lair (3/5) D:8
 Shoals (0/4) Lair:2       Spider (1/4) Lair:3          Orc (0/2) D:10
 Vaults: D:13-14

Altars:
Gozag
Hepliaklqana
Sif Muna
Trog
Uskayaw
Xom
Yredelemnul

Shops:
D:10 *


Innate Abilities, Weirdness & Mutations

You have very sharp teeth.
Your uncanny sense of smell can sniff out nearby items.
Your experience applies equally to all skills.


Message History

The troll closely misses you. The troll bites you but does no damage.
The troll misses you. The troll barely misses you.
You slash the troll!
The troll is severely wounded.
The troll closely misses you.
The troll claws you but does no damage. x2
You can now pass through a line of other dancers.
You hit the troll.
The troll is almost dead.
The troll barely misses you. You block the troll's attack.
The troll closely misses you. The troll bites you but does no damage.
The troll barely misses you. The troll claws you but does no damage.
You barely miss the troll.
The troll is severely wounded.
The troll barely misses you. x3
You barely miss the troll.
The troll is severely wounded.
The troll bites you but does no damage. You block the troll's attack.
The troll claws you but does no damage.
You barely miss the troll.
The troll is severely wounded.
The troll misses you.
The troll claws you but does no damage. x2
The troll barely misses you. The troll claws you but does no damage.
You block the troll's attack.
You closely miss the troll. You bite the troll, but do no damage.
The troll is severely wounded.
The troll barely misses you. The troll claws you but does no damage.
The troll claws you.
* * * LOW HITPOINT WARNING * * *
You can no longer pass through a line of other dancers.
You slash the troll! Your punch misses the troll.
The troll is almost dead.
You block the troll's attack. x2; The troll claws you but does no damage.
You can now pass through a line of other dancers.
You closely miss the troll.
The troll is almost dead.
The troll bites you!
* * * LOW HITPOINT WARNING * * *
You block the troll's attack. The troll misses you. x2
You block the troll's attack. The troll claws you!
You die...

#.##..................
...#...............###
..................####
............##.#.###.
#.........##<...#...
#......)............
#...........###.....
##..........#.#.....
##@.......##.......
#T....#.....#.....
####.).........#.<...
#............###.....
..>T....#.......#
#.....
#####...#...##..#
#...#. ........##
#.#.#.###. #..........
..... #. #..........#
###..##.


You could see a troll.

Vanquished Creatures
  Gastronok (Lair:3)
  Erolcha (D:9)
  2 boulder beetles (D:11)
  3 two-headed ogres
  A hydra (D:13)
  A centaur warrior (D:13)
  Amaemon (Lair:3)
  Lodul (D:11)
  A deep elf pyromancer (D:12)
  A harpy (shapeshifter) (D:13)
  The ghost of Anothat the Slasher, a novice DsGl (D:6)
  2 manticores
  11 elephants (Lair:2)
  A cyclops (D:11)
  Joseph (D:9)
  5 black mambas
  3 cane toads
  An efreet (D:13)
  3 kobold demonologists (D:12)
  7 komodo dragons
  2 trolls
  2 hornets
  A polar bear (Lair:3)
  A queen bee (D:11)
  5 blink frogs (Lair:3)
  13 slime creatures
  A jumping spider (Lair:3)
  A shadow (D:11)
  2 culicivoras (Lair:3)
  A wyvern (D:10)
  30 yaks
  4 vampire mosquitoes (D:10)
  3 steam dragons
  2 basilisks
  4 redbacks (Lair:3)
  2 acid dragons (D:10)
  3 wargs (D:8)
  17 water moccasins
  3 orc warriors
  A sky beast (D:7)
  4 black bears
  5 wolves (Lair:1)
  7 centaurs
  9 ogres (D:11)
  2 phantoms (D:10)
  4 kobold brigands
  10 bullfrogs
  A necrophage (D:6)
  A scorpion (D:6)
  3 gnoll sergeants
  4 wights (D:9)
  18 killer bees
  A troll zombie (D:10)
  6 electric eels
  4 howler monkeys (D:9)
  2 gnoll boudas
  4 quasits (D:6)
  8 orc priests
  3 hounds
  Crazy Yiuf (D:5)
  2 jellies
  6 iguanas
  Jessica (D:3)
  Terence (D:3)
  5 hell rats (Lair:1)
  17 orc wizards
  7 ogre zombies (D:10)
  Robin (D:3)
  22 gnolls
  6 adders
  2 shadow imps
  2 white imps
  An ufetubus (D:4)
  4 worms
  4 dart slugs
  35 orcs
  5 bats
  11 endoplasms
  4 giant cockroaches
  20 goblins
  5 hobgoblins
  A quokka (D:2)
  4 ball pythons
  5 frilled lizards
  A goblin skeleton (D:10)
  4 goblin zombies (D:10)
  A hobgoblin skeleton (D:10)
  3 hobgoblin zombies (D:10)
  16 kobolds
  2 orc skeletons (D:10)
  14 orc zombies (D:10)
  21 rats
476 creatures vanquished.

Vanquished Creatures (collateral kills)
  A hydra (Lair:1)
  An orange demon (Lair:3)
2 creatures vanquished.

Vanquished Creatures (others)
  6 fungi
  46 plants
52 creatures vanquished.

Grand Total: 530 creatures vanquished

Notes
Turn   | Place    | Note
-------+----------+-------------------------------------------
     0 | D:1      | Reached skill level 10 in Fighting
     0 | D:1      | Dakr the Gnoll Wanderer began the quest for the Orb.
     0 | D:1      | Dakr set off with the following items: a +3 hand axe, 9
                  | poisoned darts, a +0 dagger, a potion of curing, a +0
                  | leather armour.
     0 | D:1      | Reached XP level 1. HP: 29/29 MP: 1/1
   141 | D:1      | Reached XP level 2. HP: 27/36 MP: 2/2
   582 | D:1      | Found a faded altar of an unknown god.
   610 | D:1      | Reached XP level 3. HP: 38/42 MP: 3/3
   633 | D:1      | Prayed at the altar of an unknown god.
   633 | D:1      | Became a worshipper of Uskayaw the Reveller
   633 | D:1      | Reached * piety under Uskayaw
  1115 | D:2      | Reached skill level 1 in Invocations
  1318 | D:2      | Reached skill level 1 in Short Blades
  1318 | D:2      | Reached skill level 1 in Long Blades
  1318 | D:2      | Reached skill level 1 in Maces & Flails
  1318 | D:2      | Reached skill level 1 in Polearms
  1318 | D:2      | Reached skill level 1 in Staves
  1318 | D:2      | Reached skill level 1 in Ranged Weapons
  1318 | D:2      | Reached skill level 1 in Armour
  1318 | D:2      | Reached skill level 1 in Dodging
  1318 | D:2      | Reached skill level 1 in Stealth
  1318 | D:2      | Reached skill level 1 in Shields
  1318 | D:2      | Reached skill level 1 in Unarmed Combat
  1318 | D:2      | Reached skill level 1 in Spellcasting
  1318 | D:2      | Reached skill level 1 in Evocations
  1436 | D:2      | Reached ** piety under Uskayaw
  1437 | D:2      | Reached XP level 4. HP: 45/48 MP: 5/5
  1729 | D:2      | Reached *** piety under Uskayaw
  1732 | D:2      | Reached **** piety under Uskayaw
  1885 | D:3      | Reached skill level 1 in Conjurations
  1885 | D:3      | Reached skill level 1 in Hexes
  1885 | D:3      | Reached skill level 1 in Summonings
  1885 | D:3      | Reached skill level 1 in Necromancy
  1885 | D:3      | Reached skill level 1 in Translocations
  1885 | D:3      | Reached skill level 1 in Transmutations
  1885 | D:3      | Reached skill level 1 in Fire Magic
  1885 | D:3      | Reached skill level 1 in Ice Magic
  1885 | D:3      | Reached skill level 1 in Air Magic
  1885 | D:3      | Reached skill level 1 in Earth Magic
  1885 | D:3      | Reached skill level 1 in Poison Magic
  2107 | D:3      | Noticed Jessica
  2109 | D:3      | Reached XP level 5. HP: 52/54 MP: 5/7
  2125 | D:3      | Killed Jessica
  2562 | D:3      | Noticed Robin
  2570 | D:3      | Reached XP level 6. HP: 60/61 MP: 8/8
  2572 | D:3      | Killed Robin
  2760 | D:3      | Noticed Terence
  2762 | D:3      | Killed Terence
  2763 | D:3      | Reached skill level 5 in Throwing
  3638 | D:4      | Got Yfapt's Anthology of Gelid Guile
  3956 | D:4      | Reached XP level 7. HP: 45/67 MP: 10/10
  4323 | D:4      | Found a staircase to the Ecumenical Temple.
  4963 | D:5      | Entered Level 5 of the Dungeon
  4964 | D:5      | Found a large runed translucent door.
  4964 | D:5      | Found a large runed translucent door.
  4966 | D:5      | Found a shimmering altar of Xom.
  5376 | D:5      | Reached XP level 8. HP: 74/74 MP: 12/12
  5804 | D:5      | Found a runed translucent door.
  5862 | D:5      | Noticed Crazy Yiuf
  5868 | D:5      | Paralysed by Crazy Yiuf for 2 turns
  5870 | D:5      | Killed Crazy Yiuf
  6206 | D:6      | Reached skill level 11 in Fighting
  6422 | D:6      | Found a bloodstained altar of Trog.
  6425 | D:6      | Found a shimmering blue altar of Sif Muna.
  6439 | D:6      | Found a hazy altar of Hepliaklqana.
  6442 | D:6      | Found a basalt altar of Yredelemnul.
  6509 | D:6      | Found a transporter.
  6524 | D:6      | Noticed Anothat's ghost (novice DsGl)
  6532 | D:6      | Found a transporter.
  6609 | D:6      | Killed Anothat's ghost
  6610 | D:6      | Reached XP level 9. HP: 33/81 MP: 13/15
  6964 | D:6      | Identified the +5 falchion "Bung" {venom, Will+}
  8273 | D:7      | Reached ***** piety under Uskayaw
  8418 | D:7      | Reached skill level 5 in Invocations
  9067 | D:8      | Reached skill level 5 in Short Blades
  9067 | D:8      | Reached skill level 5 in Long Blades
  9067 | D:8      | Reached skill level 5 in Maces & Flails
  9067 | D:8      | Reached skill level 5 in Polearms
  9067 | D:8      | Reached skill level 5 in Staves
  9067 | D:8      | Reached skill level 5 in Ranged Weapons
  9067 | D:8      | Reached skill level 5 in Armour
  9067 | D:8      | Reached skill level 5 in Dodging
  9067 | D:8      | Reached skill level 5 in Stealth
  9067 | D:8      | Reached skill level 5 in Shields
  9067 | D:8      | Reached skill level 5 in Unarmed Combat
  9067 | D:8      | Reached skill level 5 in Spellcasting
  9067 | D:8      | Reached skill level 5 in Evocations
  9067 | D:8      | Reached XP level 10. HP: 50/88 MP: 17/17
  9070 | D:8      | Found a staircase to the Lair.
  9301 | D:8      | Identified a scroll of acquirement
  9302 | D:8      | Acquired the +18 Lear's hauberk
  9302 | D:8      | Found the +18 Lear's hauberk
 10086 | Lair:1   | Entered Level 1 of the Lair of Beasts
 10187 | Lair:1   | Reached ****** piety under Uskayaw
 10438 | Lair:1   | Reached skill level 12 in Fighting
 10605 | Lair:1   | Reached skill level 5 in Conjurations
 10605 | Lair:1   | Reached skill level 5 in Hexes
 10605 | Lair:1   | Reached skill level 5 in Summonings
 10605 | Lair:1   | Reached skill level 5 in Necromancy
 10605 | Lair:1   | Reached skill level 5 in Translocations
 10605 | Lair:1   | Reached skill level 5 in Transmutations
 10605 | Lair:1   | Reached skill level 5 in Fire Magic
 10605 | Lair:1   | Reached skill level 5 in Ice Magic
 10605 | Lair:1   | Reached skill level 5 in Air Magic
 10605 | Lair:1   | Reached skill level 5 in Earth Magic
 10605 | Lair:1   | Reached skill level 5 in Poison Magic
 10608 | Lair:1   | Reached XP level 11. HP: 61/95 MP: 18/20
 11009 | Lair:1   | Noticed an eight-headed hydra
 11027 | Lair:1   | Killed a 12-headed hydra
 12692 | Lair:2   | Found a staircase to the Shoals.
 13432 | Lair:2   | Reached XP level 12. HP: 94/103 MP: 22/22
 13950 | Lair:3   | Reached skill level 10 in Axes
 14518 | Lair:3   | Noticed Amaemon
 14530 | Lair:3   | Noticed Gastronok
 14544 | Lair:3   | Killed Amaemon
 14550 | Lair:3   | Killed Gastronok
 14963 | Lair:3   | Found a hole to the Spider Nest.
 14979 | Lair:3   | Reached skill level 13 in Fighting
 15469 | Spider:1 | Entered Level 1 of the Spider Nest
 16664 | D:9      | Noticed Erolcha
 16673 | D:9      | Killed Erolcha
 16674 | D:9      | Reached XP level 13. HP: 107/111 MP: 25/25
 16711 | D:9      | Found an opulent altar of Gozag.
 16769 | D:9      | Noticed Joseph
 16784 | D:9      | Killed Joseph
 17395 | D:10     | Entered Level 10 of the Dungeon
 17420 | D:10     | Found a staircase to the Orcish Mines.
 17548 | D:10     | Found Courch's Assorted Antiques.
 17630 | D:10     | Found a shimmering altar of Xom.
 18470 | D:10     | Bought a fizzy black potion for 22 gold pieces
 18470 | D:10     | Bought a scroll labelled JUWNUL VEREQE for 25 gold pieces
 18470 | D:10     | Bought 3 smoky clear potions for 67 gold pieces
 18470 | D:10     | Bought a scroll labelled JUWNUL VEREQE for 25 gold pieces
 18492 | D:11     | Noticed Lodul
 18500 | D:11     | Killed Lodul
 18958 | D:11     | Identified the +3 flail of Kismet {freeze, rF+ Str+4}
 19895 | D:12     | Reached skill level 10 in Throwing
 21179 | D:13     | Reached XP level 14. HP: 97/118 MP: 27/27
 21181 | D:13     | Reached skill level 10 in Invocations
 21383 | D:13     | HP: 4/119 [troll (9)]
 21383 | D:13     | Slain by a troll

Illustrated notes

Levels and vault maps discovered:
D:1:      lightli_arrival_boilingwater, layout_basic,
          ebering_ecumenical_altar_mist
D:2:      layout_loops_ring, minmay_rat_hole
D:3:      layout_loops_ring, serial_co_window_serial, co_window_corner_a,
          co_window_cross_1, co_window_paths_a, co_window_paths_b,
          co_window_paths_a, co_window_of_opportunity_a, co_window_corner_a,
          co_window_of_opportunity_b, co_window_2corner,
          co_window_unsneaky_path_a, co_window_of_opportunity_b,
          co_window_cross_2, co_window_4corner_a, glass_columns_c,
          glass_columns_c, glass_columns_b, glass_columns_c, glass_columns_a,
          uniq_jessica, uniq_terence, uniq_robin
D:4:      cheibrodos_pilgrimage, layout_cave_pods,
          minmay_temple_entry_glassed_door
D:5:      due_chaos_kobolds, layout_rooms, uniq_crazy_yiuf_cottage
D:6:      layout_loops_corners, grunt_temple_overflow_cloverleaf,
          gammafunk_ghost_stat_death
D:7:      layout_loops_ring, kennysheep_small_circle
D:8:      layout_basic, erik_lair_orcish_takeover
D:9:      layout_loops_ring, grunt_gozag_breadcrumbs, kennysheep_generic_room_2,
          uniq_joseph, uniq_erolcha
D:10:     layout_cross, nicolae_overflow_crystal_walls, zombieorc2_lemuel,
          serial_bayou, serial_bayou_lagoon_a, serial_bayou_pond_c,
          serial_bayou_pond_d, serial_bayou_pond_a, serial_bayou_shore_b,
          serial_shops, nicolae_shop_competitors_out_of_business
D:11:     layout_cave_pools, nicolae_looking_at_the_future, uniq_lodul
D:12:     layout_cave_pools
D:13:     layout_cave_pools, grunt_vaults_entry_tiered,
          biasface_ghost_orc_armoury, kennysheep_four_rooms
Lair:1:   layout_layer_cave, infiniplex_staircase_pool, serial_bayou_shore_a
Lair:2:   layout_loops_ring, shoals_dummy_entry, grunt_megastairs_5
Lair:3:   layout_gridlike, nicolae_spider_entry_tight_spaces,
          nicolae_lair_grove_arrangements, uniq_amaemon, uniq_gastronok
Spider:1: layout_spider_delve, uniq_jorgrun

Skill      XL: |  1  2  3  4  5  6  7  8  9 10 11 12 13 14 |
---------------+-------------------------------------------+-----
Fighting       | 11 12 13 | 13.7
Invocations    | 1 2 3 4 5 6 7 8 9 10 | 10.1
Short Blades   | 1 2 3 4 5 6 7 8 9 |  9.2
Long Blades    | 1 2 3 4 5 6 7 8 9 |  9.2
Maces & Flails | 1 2 3 4 5 6 7 8 9 |  9.2
Polearms       | 1 2 3 4 5 6 7 8 9 |  9.2
Staves         | 1 2 3 4 5 6 7 8 9 |  9.2
Ranged Weapons | 1 2 3 4 5 6 7 8 9 |  9.2
Armour         | 1 2 3 4 5 6 7 8 9 |  9.2
Dodging        | 1 2 3 4 5 6 7 8 9 |  9.2
Stealth        | 1 2 3 4 5 6 7 8 9 |  9.2
Shields        | 1 2 3 4 5 6 7 8 9 |  9.2
Unarmed Combat | 1 2 3 4 5 6 7 8 9 |  9.2
Spellcasting   | 1 2 3 4 5 6 7 8 9 |  9.2
Evocations     | 1 2 3 4 5 6 7 8 9 |  9.2
Conjurations   | 1 2 3 4 5 6 7 |  7.7
Hexes          | 1 2 3 4 5 6 7 |  7.7
Summonings     | 1 2 3 4 5 6 7 |  7.7
Necromancy     | 1 2 3 4 5 6 7 |  7.7
Translocations | 1 2 3 4 5 6 7 |  7.7
Transmutations | 1 2 3 4 5 6 7 |  7.7
Fire Magic     | 1 2 3 4 5 6 7 |  7.7
Ice Magic      | 1 2 3 4 5 6 7 |  7.7
Air Magic      | 1 2 3 4 5 6 7 |  7.7
Earth Magic    | 1 2 3 4 5 6 7 |  7.7
Poison Magic   | 1 2 3 4 5 6 7 |  7.7
Throwing       | 5 6 7 8 9 10 | 10.3
Axes           | 7 8 9 10 11 | 11.3

Action                   |  1- 3 |  4- 6 |  7- 9 | 10-12 | 13-15 || total
-------------------------+-------+-------+-------+-------+-------++-------
Melee: War axe           |    69 |   112 |   228 |   335 |   348 ||  1092
       Hand axe          |     1 |       |       |       |       ||     1
       Bite              |     3 |     3 |    25 |    39 |    57 ||   127
       Punch             |       |     1 |     3 |    16 |    28 ||    48
Invok: Stomp             |       |       |     1 |     1 |       ||     2
       Grand Finale      |       |       |       |     1 |       ||     1
  Use: Scroll            |       |     6 |     7 |    12 |    10 ||    35
       Potion            |       |     1 |     6 |     3 |     5 ||    15
 Stab: Paralysed         |       |     6 |    14 |    50 |    64 ||   134
Armor: Leather armour    |     3 |       |       |       |       ||     3
       Chain mail        |    48 |    56 |   111 |   285 |   318 ||   818
Dodge: Dodged            |    28 |    34 |    86 |   180 |   269 ||   597
Block: Other             |       |       |    36 |    84 |   106 ||   226
       Reflection        |       |       |       |       |     9 ||     9
